 Dungeon Crawl Stone Soup version 0.28.0-45-g0d030f2227 (webtiles) character file.

Game seed: 7308456130289873303

261 Kaptain the Digger (level 6, -1/36 HPs)
             Began as a Gargoyle Earth Elementalist on Apr 14, 2022.
             Slain by an orc warrior
             ... wielding a +0 dire flail
              (17 damage)
             ... on level 3 of the Dungeon.
             The game lasted 00:06:07 (4145 turns).

Kaptain the Digger (Gargoyle Earth Elementalist)    Turns: 4145, Time: 00:06:08

Health: -1/36      AC:  7    Str: 12    XL:     6   Next: 18%
Magic:  6/10       EV: 11    Int: 17    God:
Gold:   152        SH:  0    Dex: 10    Spells: 7/11 levels left

rFire   . . .      SeeInvis .   b - +2 short sword (venom)
rCold   . . .      Faith    .   (no shield)
rNeg    + . .      Spirit   .   g - +0 leather armour
rPois   ∞          Reflect  .   (no helmet)
rElec   +          Harm     .   (no cloak)
rCorr   .          Rampage  .   (no gloves)
Will    .....                   (no boots)
Stlth   ++........              (no amulet)
HPRegen 0.12/turn               (no ring)
MPRegen 0.12/turn               (no ring)

@: no status effects
A: sickness immunity, AC +4, negative energy resistance 1, electricity
resistance, torment resistance 1, petrification resistance
a: no special abilities


You were on level 3 of the Dungeon.
You visited 1 branch of the dungeon, and saw 4 of its levels.

You collected 152 gold pieces.

Inventory:

Hand Weapons
 a - a +0 hunting sling
 b - a +2 short sword of venom (weapon)
 m - a +0 flail
 s - a +0 trident
Missiles
 c - 38 stones
 f - 5 poisoned darts
 k - 39 sling bullets
Armour
 g - a +0 leather armour (worn)
 h - an orb of energy
Jewellery
 n - a ring of fire
Scrolls
 e - a scroll of teleportation {unknown}
 l - a scroll of amnesia {unknown}
 p - a scroll of holy word {unknown}
 q - a scroll of enchant armour {unknown}
 t - a scroll of identify
Potions
 d - a potion of invisibility
 i - a potion of curing
 j - a potion of attraction {unknown}
 o - a potion of degeneration {unknown}
 r - 2 potions of lignification


   Skills:
 * Level 2.6 Fighting
 + Level 1.6 Armour
 + Level 2.1 Dodging
 - Level 2.1 Stealth
 * Level 3.1 Spellcasting
 * Level 2.6 Conjurations
 - Level 0.7 Transmutations
 * Level 4.8 Earth Magic


You had 7 spell levels left.
You knew the following spells:

 Your Spells              Type           Power      Damage    Failure   Level
a - Sandblast             Erth           36%        2d10      3%          1
b - Stone Arrow           Conj/Erth      30%        3d8       14%         3

Your spell library contained the following spells:

 Spells                   Type           Power      Damage    Failure   Level
 Passwall                 Tmut/Erth      10%        N/A       11%         2
 Summon Small Mammal      Summ           8%         N/A       22%         1
 Dazzling Flash           Conj/Hex       14%        N/A       36%         3
 Petrify                  Tmut/Erth      12%        N/A       56%         4
 Agony                    Necr           2%         N/A       99%         5
 Silence                  Hex/Air        1%         N/A       99%         5


Dungeon Overview and Level Annotations

Branches:
Dungeon (4/15)
 Temple: D:4-7

Altars:
Cheibriados

Shops:
D:3 *

Annotations:
D:2 Terence


Innate Abilities, Weirdness & Mutations

You are immune to sickness and miasma.
Your stone body is resilient. (AC +4)
You are immune to poison.
You resist negative energy. (rN+)
You are resistant to electric shocks. (rElec)
You are resistant to unholy torment.
You are immune to petrification.


Message History

Unknown command.
An orc comes into view. It is wielding a +2 whip of holy wrath.
An orc comes into view. It is wielding a +0 short sword.
The ball python barely misses you. The ball python grabs you.
The ball python constricts you.
The orc moves out of view.
There is a stone staircase leading up here.
Unknown command.
You escape the ball python's grasp.
The orc warrior hits you with a +0 dire flail.
The ball python bites you but does no damage.
The ball python grabs you.
You stop ascending the stairs.
The ball python constricts you.
Unknown command.
Unknown command.
You escape the ball python's grasp.
The orc warrior hits you with a +0 dire flail.
You climb upwards.
There is a stone staircase leading down here.
Unknown command.
The ball python barely misses you. The ball python grabs you.
The ball python constricts you. The ball python barely misses you.
The ball python constricts you.
You escape the ball python's grasp.
Casting: Sandblast (safe; 3% risk of failure)
Confirm with . or Enter, or press ? or * to list all spells.
Aiming: Sandblast (safe; 3% risk of failure)
Press: ? - help, Shift-Dir - straight line, f - orc warrior
Aim: an orc warrior, wielding a +0 dire flail and wearing a +0 plate armour (79% to hit)
The blast of sand hits the orc warrior but does no damage.
The orc warrior hits you with a +0 dire flail!
Unknown command.
Casting: Sandblast (safe; 3% risk of failure)
Confirm with . or Enter, or press ? or * to list all spells.
Aiming: Stone Arrow (quite dangerous; 14% risk of failure)
Press: ? - help, Shift-Dir - straight line, f/p - orc warrior
Aim: an orc warrior, wielding a +0 dire flail and wearing a +0 plate armour (68% to hit)
The stone arrow hits the orc warrior!
The orc warrior is moderately wounded.
The orc warrior hits you with a +0 dire flail!
You die...

........# ..##...##
#.###.##### #.# #.....## ..#
####...######## #.#
###...........# #.#
#.......÷.###.#
#.###.#....÷..###.#####
#........<)...So@.>...########
#####.###.##>.###............#
#.# #.##..#....##.######.####
#.# #.##..#.#.###............
#.# #.##...........#####..##.
#.# #..............# #..##.
#####.# ####.##)#.###..#
#.†##. ......# #......# #..#
#..##. ####### ###..### #..#
#.....


You could see an orc warrior and a ball python.

Vanquished Creatures
  A bullfrog skeleton (D:3)
  2 orc priests
  Natasha (twice) (D:2)
  An orc wizard (D:2)
  5 adders
  A worm (D:2)
  A dart slug (D:3)
  An orc (D:2)
  5 ball pythons
  4 endoplasms
  A giant cockroach (D:1)
  4 hobgoblins
  3 jackals (D:3)
  6 kobolds
  8 quokkas
  3 bats
  2 frilled lizards (D:1)
  A goblin (D:3)
  4 rats
55 creatures vanquished.

Vanquished Creatures (others)
  A fungus (D:1)
1 creature vanquished.

Grand Total: 56 creatures vanquished

Notes
Turn   | Place    | Note
-------+----------+-------------------------------------------
     0 | D:1      | Kaptain the Gargoyle Earth Elementalist began the quest for
                  | the Orb.
     0 | D:1      | Reached XP level 1. HP: 10/10 MP: 3/3
   491 | D:1      | Reached XP level 2. HP: 16/16 MP: 3/5
   560 | D:1      | Found a faded altar of an unknown god.
   566 | D:1      | Got Plato's Disquisition on Creation
  1130 | D:1      | Reached skill level 1 in Fighting
  1357 | D:2      | Reached skill level 1 in Conjurations
  1357 | D:2      | Reached XP level 3. HP: 20/20 MP: 3/6
  1367 | D:2      | Learned a level 3 spell: Stone Arrow
  1409 | D:2      | Noticed Terence
  1776 | D:2      | Noticed Natasha
  1780 | D:2      | Killed Natasha
  1781 | D:2      | Reached skill level 4 in Earth Magic
  1805 | D:2      | Noticed Natasha
  1815 | D:2      | Killed Natasha
  1816 | D:2      | Reached skill level 1 in Armour
  1816 | D:2      | Reached XP level 4. HP: 10/26 MP: 0/7
  2894 | D:3      | Reached XP level 5. HP: 17/30 MP: 4/9
  3380 | D:3      | Reached XP level 6. HP: 30/36 MP: 10/10
  3515 | D:3      | Found a snail-covered altar of Cheibriados.
  3552 | D:3      | Found Witoit's Assorted Antiques.
  4132 | D:4      | Noticed an orc warrior
  4145 | D:3      | Slain by an orc warrior

Illustrated notes

Levels and vault maps discovered:
D:1:      roderic_dead_forest, layout_loops_corners,
          shapermc_ecumenical_altar_rom_forum, serial_forest,
          infiniplex_forest_clump_large, infiniplex_forest_lined_corner,
          infiniplex_forest_lined_2, infiniplex_forest_lined_room_3,
          infiniplex_forest_straight_2, infiniplex_forest_corner_2,
          minmay_misc_feat_tower
D:2:      layout_basic, uniq_terence, uniq_natasha
D:3:      layout_loops_ring, mainiacjoe_overflow_boulevard, serial_shops,
          nicolae_shop_waterfront
D:4:      layout_cave_pools, old_standard_altar,
          gammafunk_temple_overflow_statue, minmay_temple_entry_slanted,
          uniq_eustachio, uniq_grinder

Skill      XL: |  1  2  3  4  5 |
---------------+----------------+-----
Fighting       | 1 2 |  2.6
Conjurations   | 1 2 |  2.6
Earth Magic    | 4 |  4.8
Armour         | 1 |  1.6
Dodging        | 2 |  2.1
Spellcasting   | 3 |  3.1
Stealth        | |  2.1
Transmutations | |  0.7

Action                   |  1- 3 |  4- 6 || total
-------------------------+-------+-------++-------
Melee: Short sword       |     8 |    39 ||    47
       Flail             |     2 |    19 ||    21
 Cast: Sandblast         |    37 |    29 ||    66
       Stone Arrow       |       |     1 ||     1
  Use: Scroll            |       |     2 ||     2
       Potion            |       |     1 ||     1
 Stab: Sleeping          |       |     5 ||     5
Armor: Leather armour    |     9 |    27 ||    36
Dodge: Dodged            |    13 |    53 ||    66
